Map: Catalyst LE

Players

HeroMarine - Winner!

  • Race: Terran Terran
  • Spawn Location: 11:00

Namshar

  • Race: Zerg Zerg
  • Spawn Location: 5:00

Event: WCS Valencia 2018

VOD

Have the link to the VOD?

Description

Time

  • Played on: July 12, 2018, 1:51 p.m.
  • Length: 19:03

All games in this series

Show
View Real Time Build Order
Export as new Build Order

HeroMarine Terran - Winner!

Build Orders: Hellion Opening, Reaper Expand, Mech 

Get SALT Encoding   

  12  0:00  SCV  
  13  0:12  SCV  
  14  0:17  Supply Depot  
  14  0:24  SCV  
  15  0:38  SCV  
  15  0:39  Barracks  
  16  0:43  Refinery  
  16  0:50  SCV  
  17  1:03  SCV  
  18  1:15  SCV  
  19  1:27  Orbital Command, Reaper  
  20  1:40  Command Center  
  20  1:50  Supply Depot  
  20  1:52  SCV  
  21  1:58  Marine  
  22  2:04  SCV  
  22  2:07  Factory  
  23  2:11  Refinery  
  23  2:17  SCV  
  23  2:21  Barracks Reactor  
  24  2:29  SCV  
  25  2:41  SCV  
  26  2:53  Starport, Orbital Command, SCV  
  27  3:04  Hellion x2  
  32  3:05  SCV  
  32  3:08  Barracks Tech Lab  
  32  3:13  Supply Depot  
  32  3:17  SCV  
  32  3:19  SCV  
  34  3:25  Hellion x2  
  38  3:30  Viking  
  38  3:32  SCV x2  
  42  3:44  Supply Depot, SCV x2  
  44  3:50  Hellion  
  44  3:51  Hellion  
  48  3:56  SCV x2  
  50  4:04  Medivac  
  50  4:07  Armory, Supply Depot  
  50  4:08  SCV x2  
  54  4:14  Hellion x2  
  58  4:20  SCV  
  58  4:21  SCV, Liberator  
  60  4:31  Supply Depot  
  60  4:33  SCV  
  60  4:34  SCV  
  60  4:35  Hellion x2  
  69  4:50  Command Center  
  69  4:51  Command Center  
  69  4:57  Hellion  
  69  4:58  Hellion  
  73  5:00  SCV x2  
  73  5:05  Supply Depot  
  73  5:06  Terran Vehicle Weapons Level 1  
  75  5:12  SCV x2  
  77  5:19  Hellion  
  77  5:20  Hellion  
  77  5:23  Refinery x2  
  77  5:24  SCV  
  77  5:27  SCV  
  77  5:36  SCV  
  77  5:39  SCV, Banshee  
  77  5:40  Hellion  
  77  5:41  Hellion  
  86  5:44  Factory  
  86  5:46  Factory  
  86  5:55  Supply Depot  
  86  5:56  Supply Depot  
  86  6:00  Barracks Tech Lab  
  86  6:03  SCV x2, Hellion x2  
  92  6:06  Supply Depot  
  86  6:12  Orbital Command  
  86  6:15  SCV x2  
  81  6:24  Hellion x2  
  83  6:27  SCV x2  
  85  6:34  Starport Reactor  
  85  6:35  Siege Tank  
  85  6:36  Siege Tank, Refinery  
  85  6:38  Orbital Command  
  91  6:40  Refinery  
  91  6:41  SCV x2  
  93  6:50  Hellion x2  
  97  6:55  SCV x2  
  99  7:07  Siege Tank  
  99  7:08  Siege Tank, SCV x3  
  96  7:09  Barracks Tech Lab  
  96  7:11  Engineering Bay x2  
  96  7:13  Supply Depot  
  92  7:18  Hellion  
  92  7:19  Hellion  
  92  7:20  SCV x3  
  92  7:21  Hellion x2  
  96  7:26  Terran Vehicle Weapons Level 2  
  96  7:28  Stimpack, Marine  
  97  7:32  SCV x3  
  100  7:38  Terran Infantry Weapons Level 1, Terran Infantry Armor Level 1  
  100  7:40  Siege Tank x2  
  106  7:44  SCV x2  
  106  7:46  Starport Reactor  
  106  7:47  SCV  
  106  7:49  Supply Depot  
  109  7:51  Supply Depot  
  109  7:54  Marine  
  109  7:56  SCV  
  109  7:57  Barracks  
  109  7:58  Barracks  
  111  8:08  Hellion x2  
  111  8:12  Siege Tank x2, Barracks  
  119  8:13  Barracks, Infernal Pre-Igniter  
  119  8:19  Barracks  
  119  8:28  Marine  
  119  8:31  Command Center  
  120  8:37  Starport Reactor, Barracks, Factory Tech Lab  
  120  8:38  Barracks  
  120  8:39  Hellion  
  120  8:40  Hellion x8  
  120  8:44  Siege Tank x2  
  126  8:51  Supply Depot, Marine x2  
  126  8:52  Supply Depot  
  128  9:01  Missile Turret  
  128  9:03  Siege Tank, Barracks Reactor  
  128  9:06  Barracks Reactor  
  128  9:08  Marine x3  
  128  9:09  Marine  
  135  9:12  Marine  
  135  9:14  Medivac x2  
  135  9:16  Siege Tank x2  
  146  9:25  Supply Depot, Marine  
  146  9:28  Marauder, Barracks Tech Lab x2  
  146  9:30  Marine x3  
  152  9:31  Marine  
  152  9:32  Marine  
  152  9:35  Siege Tank  
  152  9:36  Terran Infantry Weapons Level 2  
  157  9:39  Terran Infantry Armor Level 2, Marine  
  157  9:40  Marine  
  159  9:46  SCV x2  
  159  9:47  SCV  
  159  9:48  Siege Tank  
  159  9:49  Marauder, Supply Depot  
  159  9:50  Supply Depot, Marine  
  159  9:51  Marine x6  
  174  9:59  Missile Turret  
  174  10:03  Planetary Fortress  
  174  10:05  SCV x3  
  177  10:09  Marauder x2  
  177  10:11  Marauder, Marine x2  
  177  10:12  Marine, Medivac x2  
  177  10:13  Marine  
  191  10:16  Marine  
  191  10:17  Marine x3  
  191  10:20  Combat Shield  
  192  10:23  Marine x2  
  192  10:24  Refinery  
  194  10:29  Marine  
  194  10:30  Marauder x2  
  199  10:44  Marauder  
  199  10:45  Marine x2  
  198  10:51  Marauder  
  198  10:52  Marine  
  198  10:54  Command Center  
  196  11:02  Siege Tank  
  199  11:06  Ghost Academy  
  199  11:12  Starport  
  199  11:26  Marine  
  198  11:33  Marauder, Marine  
  198  11:34  Marauder  
  198  11:35  Marine  
  198  11:36  Marine  
  198  11:38  Siege Tank x2, Marine x2  
  196  11:40  Siege Tank, Medivac x2  
  196  11:43  Marine  
  196  11:46  Marauder  
  195  11:50  Marine x4  
  195  11:51  Marine  
  195  11:53  Marine  
  198  11:55  Marauder  
  198  12:01  Marine x3  
  188  12:02  Marauder  
  188  12:03  Marine  
  188  12:07  Marine x2  
  188  12:08  Marauder  
  197  12:09  Refinery  
  197  12:10  Siege Tank  
  197  12:12  Siege Tank  
  197  12:13  Marine x2  
  197  12:23  Terran Infantry Armor Level 3, Terran Infantry Weapons Level 3  
  197  12:25  Marauder  
  197  12:27  Marauder, Marine x2  
  197  12:28  Medivac x2  
  197  12:29  Marauder  
  195  12:32  Marine x2  
  195  12:33  Marine  
  195  12:35  Marine x2  
  194  12:38  Marine x2  
  194  12:40  Siege Tank  
  194  12:43  Marine  
  198  12:45  Marine  
  198  12:46  Marauder  
  198  12:47  Marine  
  198  12:48  Marauder, Siege Tank x2  
  198  12:50  Marauder, Marine x3  
  190  12:53  Marine x2  
  190  12:56  Marine x2  
  193  13:01  Marine  
  193  13:03  Marine  
  193  13:05  Marine  
  196  13:08  Marauder, Marine x2  
  200  13:15  Marine x2  
  200  13:18  Siege Tank, Marine  
  200  13:19  Marine  
  179  13:20  Siege Tank  
  179  13:21  Marauder, Marine x2  
  179  13:23  Siege Tank, Marine x2  
  179  13:24  Marine  
  179  13:26  Marine x2  
  164  13:29  Marauder  
  164  13:33  Marine x2  
  161  13:36  Marine x2  
  161  13:37  Medivac x2  
  161  13:39  Marine  
  161  13:41  Marine x2  
  169  13:42  Marauder x2  
  169  13:45  Terran Vehicle Weapons Level 3  
  169  13:46  Marine  
  175  13:50  Marauder, Siege Tank  
  175  13:52  Siege Tank  
  175  13:55  Siege Tank  
  186  13:57  Marine x2  
  186  14:00  Concussive Shells  
  186  14:01  Marine x4  
  186  14:02  Marine  
  193  14:03  Marauder, Marine  
  193  14:04  Marauder  
  193  14:09  Marine x2  
  200  14:18  Sensor Tower  
  200  14:20  Planetary Fortress  
  200  14:21  Marine  
  200  14:22  Marine  
  199  14:39  Starport Reactor  
  199  14:44  Barracks x2  
  199  14:46  Factory, Barracks  
  198  15:16  Marine  
  198  15:17  Marine x2  
  198  15:18  Marine  
  198  15:19  Marine  
  191  15:21  Viking x3  
  191  15:22  Viking  
  191  15:23  Ghost  
  191  15:24  Ghost x2  
  191  15:27  Marine x2  
  191  15:31  Marine x2  
  187  15:36  Barracks Tech Lab x2  
  187  15:37  Barracks Tech Lab  
  187  15:38  Factory Tech Lab  
  173  15:51  Command Center, Marine, Viking x4  
  173  15:52  Marine x9  
  173  15:53  Marauder  
  173  15:56  Ghost  
  195  15:58  Ghost  
  195  16:00  Ghost  
  199  16:12  Personal Cloaking, Command Center  
  199  16:18  Ghost  
  197  16:27  Ghost  
  197  16:29  Marine x2  
  197  16:31  Marauder x2, Marine x2  
  159  16:33  Marauder, Marine x5  
  159  16:34  Siege Tank  
  159  16:35  Siege Tank  
  159  16:39  Siege Tank  
  159  16:41  Marauder  
  159  16:42  Marine  
  159  16:44  Viking x2  
  159  16:45  Viking  
  165  16:47  Marine  
  165  16:48  Siege Tank  
  165  16:49  Marine  
  165  16:50  Marine  
  165  16:51  Marine  
  174  16:54  Marauder, Marine x2  
  174  16:57  Medivac  
  174  16:59  Marauder  
  177  17:01  Marine x2  
  177  17:02  Marine  
  177  17:07  Ghost  
  182  17:12  Marauder  
  182  17:14  Marine x2, Medivac x2  
  190  17:29  Ghost x3  
  196  17:30  Sensor Tower  
  196  17:33  Planetary Fortress  
  196  17:40  SCV x4  
  196  17:41  SCV  
  196  17:57  Ghost x2  
  196  17:58  Ghost  
  200  18:04  Refinery  
  200  18:05  Refinery  
  194  18:06  Marine x2  
  194  18:12  Viking  
  191  18:16  Marine x2  
  191  18:17  Marauder x2, Marine x2  
  191  18:18  Marine x2  
  191  18:21  Marine x2  
  191  18:26  Ghost x2  
  191  18:27  Marine x2  
  175  18:28  Marine  
  175  18:29  Marine  
  175  18:40  Marine x2  
  175  18:41  Marine x2  
Show
View Real Time Build Order
Export as new Build Order

Namshar Zerg 

Build Orders: Hatch First, Roach Hydra 

Get SALT Encoding   

  12  0:00  Drone  
  13  0:12  Overlord  
  13  0:17  Drone  
  14  0:30  Drone x2  
  14  0:34  Drone  
  17  0:51  Hatchery  
  17  0:54  Drone  
  17  0:57  Drone  
  18  1:07  Extractor  
  17  1:13  Spawning Pool  
  17  1:15  Drone  
  17  1:18  Drone  
  18  1:27  Drone  
  19  1:38  Drone  
  20  1:50  Overlord  
  20  2:00  Queen  
  22  2:02  Queen  
  22  2:03  Zergling x4  
  26  2:11  Drone  
  26  2:14  Drone  
  28  2:22  Hatchery  
  27  2:26  Drone  
  28  2:31  Drone  
  28  2:35  Metabolic Boost  
  28  2:36  Drone  
  30  2:40  Overlord  
  30  2:45  Drone  
  30  2:46  Drone  
  32  2:56  Queen  
  34  2:59  Drone  
  34  3:00  Drone  
  34  3:04  Drone  
  37  3:11  Drone  
  37  3:12  Drone x3  
  41  3:19  Overlord  
  41  3:25  Queen  
  43  3:28  Drone  
  43  3:32  Overlord  
  43  3:34  Queen  
  44  3:37  Drone  
  47  3:41  Drone  
  47  3:42  Roach Warren  
  47  3:44  Drone  
  47  3:45  Drone x2  
  47  3:46  Zergling x2  
  51  3:49  Zergling x2  
  51  3:53  Zergling x4  
  52  4:05  Drone  
  52  4:07  Drone x2  
  52  4:08  Extractor  
  52  4:09  Drone x2  
  57  4:10  Drone  
  57  4:13  Overlord x2  
  57  4:23  Overlord  
  57  4:33  Roach x4  
  57  4:34  Drone x3  
  68  4:41  Drone  
  68  4:42  Drone x2  
  71  4:46  Lair  
  71  4:48  Spore Crawler  
  71  4:50  Spore Crawler  
  71  4:52  Drone  
  70  4:53  Spore Crawler, Drone x7  
  70  4:59  Overlord  
  76  5:00  Overlord  
  76  5:04  Evolution Chamber  
  76  5:06  Evolution Chamber  
  76  5:07  Roach  
  76  5:12  Overlord x2  
  76  5:22  Roach x2  
  76  5:24  Queen  
  80  5:31  Roach x2  
  81  5:36  Drone x3  
  81  5:37  Drone x6  
  81  5:41  Zerg Ground Armor Level 1  
  90  5:43  Baneling Nest, Extractor  
  90  5:44  Extractor  
  90  5:45  Extractor  
  90  5:48  Drone x4  
  90  5:51  Queen  
  90  5:55  Overlord x2  
  92  5:57  Drone x2  
  84  6:12  Drone  
  84  6:13  Drone x9  
  84  6:18  Drone x2  
  94  6:29  Pneumatized Carapace  
  94  6:33  Drone  
  94  6:34  Extractor  
  94  6:36  Zerg Melee Weapons Level 1  
  94  6:37  Glial Reconstitution  
  94  6:38  Hatchery  
  93  6:40  Drone  
  93  6:41  Drone  
  93  6:42  Overlord  
  93  6:44  Drone  
  93  6:47  Zergling x2, Roach x2  
  93  6:55  Queen  
  85  7:05  Drone  
  85  7:06  Drone x7  
  91  7:15  Drone x4  
  94  7:23  Overlord x2  
  94  7:24  Drone x2  
  94  7:28  Drone  
  94  7:29  Hydralisk Den  
  96  7:30  Drone  
  96  7:34  Roach x2  
  101  7:50  Drone x2, Queen  
  105  7:54  Zergling x2  
  105  7:55  Zergling x2, Roach x5  
  117  7:59  Zerg Ground Armor Level 2  
  117  8:00  Extractor  
  117  8:03  Extractor  
  115  8:10  Drone  
  115  8:11  Centrifical Hooks, Infestation Pit, Grooved Spines  
  115  8:18  Drone x4  
  115  8:19  Drone x2  
  121  8:22  Spore Crawler, Drone  
  121  8:24  Drone x2  
  122  8:37  Drone  
  122  8:38  Drone x2  
  122  8:39  Hydralisk x6  
  137  8:48  Zerg Missile Weapons Level 1  
  137  8:49  Overlord, Hive  
  137  8:53  Hydralisk x2  
  140  9:01  Ravager  
  140  9:02  Ravager x2  
  142  9:03  Ravager  
  144  9:10  Drone x4  
  144  9:11  Overlord x3  
  148  9:21  Overseer  
  148  9:22  Muscular Augments  
  148  9:23  Overseer  
  148  9:25  Queen  
  148  9:26  Hydralisk x6  
  160  9:32  Hydralisk x3  
  166  9:44  Overlord x2  
  166  9:45  Hydralisk x4  
  174  9:54  Queen  
  174  9:59  Hydralisk x2  
  176  10:00  Hydralisk  
  182  10:08  Viper x3  
  182  10:13  Hydralisk x3  
  197  10:22  Hatchery  
  197  10:24  Drone  
  197  10:26  Spire  
  197  10:27  Drone x2  
  198  10:36  Extractor  
  198  10:39  Extractor  
  196  10:44  Hydralisk  
  196  10:45  Zergling x8  
  190  11:03  Zergling x2  
  190  11:04  Zergling x34  
  189  11:06  Zerg Melee Weapons Level 2  
  189  11:07  Zerg Ground Armor Level 3  
  189  11:09  Baneling  
  189  11:10  Baneling x7  
  200  11:21  Adrenal Glands  
  200  11:25  Hatchery  
  200  11:26  Baneling  
  200  11:27  Baneling x9  
  174  11:47  Hydralisk  
  174  11:48  Zergling x12  
  174  11:49  Zergling x16  
  174  11:53  Queen  
  182  12:19  Baneling x5  
  182  12:20  Baneling x9, Hydralisk x4  
  182  12:21  Zergling x16  
  197  12:26  Hydralisk  
  197  12:27  Zergling x10  
  196  12:37  Zergling x2, Hydralisk  
  196  12:40  Baneling  
  196  12:41  Baneling x6  
  172  12:52  Viper  
  172  12:53  Drone, Viper x2  
  172  12:54  Hydralisk x3  
  172  12:55  Zergling x12  
  172  12:56  Zergling x22  
  172  12:57  Overlord x2  
  196  13:03  Greater Spire  
  196  13:04  Overlord x3  
  196  13:19  Hydralisk  
  160  13:20  Zergling x24  
  146  13:28  Hydralisk  
  146  13:29  Zergling x18  
  146  13:30  Hydralisk  
  146  13:31  Hydralisk x2  
  147  13:39  Baneling x8, Hydralisk x3  
  153  13:46  Zerg Missile Weapons Level 2, Zerg Melee Weapons Level 3  
  153  13:48  Baneling x6, Hydralisk  
  153  13:49  Hydralisk x3  
  159  14:09  Corruptor x6  
  165  14:10  Corruptor x2  
  175  14:24  Zerg Flyer Weapons Level 1  
  170  14:34  Spore Crawler, Drone x2  
  170  14:35  Spine Crawler  
  170  14:37  Drone x2  
  172  14:42  Brood Lord  
  174  14:47  Brood Lord  
  174  14:48  Brood Lord x4  
  174  14:51  Drone  
  185  14:56  Brood Lord  
  185  15:06  Brood Lord  
  187  15:10  Hydralisk  
  187  15:11  Zergling x10  
  187  15:12  Zergling x4  
  187  15:13  Baneling x2  
  191  15:17  Zergling x8, Hydralisk  
  191  15:18  Zergling x8  
  189  15:27  Hydralisk  
  189  15:28  Zergling x16  
  194  15:44  Corruptor  
  194  15:45  Corruptor, Hatchery  
  197  15:53  Queen  
  197  15:57  Extractor  
  197  16:01  Baneling x8  
  196  16:06  Drone x2  
  196  16:07  Drone x2  
  200  16:12  Baneling x8  
  199  16:18  Baneling x5  
  190  16:29  Hydralisk  
  190  16:30  Zergling x18  
  190  16:31  Zergling x4  
  176  16:32  Hydralisk  
  176  16:33  Zergling x12  
  176  16:36  Zergling x2, Hydralisk  
  176  16:37  Zergling x2  
  177  16:40  Hydralisk  
  177  16:41  Zergling x2  
  172  17:12  Hatchery, Queen x2  
  172  17:13  Baneling x2  
  172  17:14  Corruptor x4  
  183  17:19  Baneling x2  
  183  17:21  Corruptor x2  
  187  17:24  Zergling x6  
  187  17:28  Drone x4  
  187  17:29  Drone  
  195  17:32  Extractor  
  195  17:37  Spore Crawler, Spine Crawler  
  189  17:48  Drone  
  189  17:49  Spine Crawler, Drone x2  
  189  17:50  Spore Crawler, Spine Crawler  
  188  17:52  Baneling x8  
  186  18:11  Hydralisk  
  186  18:12  Zergling x16  
  153  18:20  Hydralisk  
  153  18:21  Zergling x8  
  153  18:23  Hydralisk x2  
  153  18:24  Zergling x4  
  158  18:31  Hydralisk  
  142  18:37  Hydralisk x4  
  142  18:38  Zergling x4  
Tags
 
Add a new tag
Caveats
  • Supply blocks, unpowered buildings, or Contaminate may cause inaccurate times.
  • Supply counts are checked every 10 seconds.